 Dungeon Crawl Stone Soup version 0.29.1-1-gd02db6906a (webtiles) character file.

Game seed: 3916131626715510770

22 sizableburger the Sneak (level 2, -2/25 HPs)
             Began as a Naga Earth Elementalist on Sept 15, 2022.
             Slain by an iguana (3 damage)
             ... on level 4 of the Dungeon.
             The game lasted 00:01:59 (1358 turns).

sizableburger the Sneak (Naga Earth Elementalist)   Turns: 1358, Time: 00:01:59

Health: -2/25      AC:  1    Str: 10    XL:     2   Next: 91%
Magic:  1/5        EV:  9    Int: 15    God:
Gold:   101        SH:  0    Dex: 11    Spells: 5/6 levels left

rFire   . . .      SeeInvis +   c - +0 dagger
rCold   . . .      Faith    .   (no shield)
rNeg    . . .      Spirit   .   a - +0 robe
rPois   +          Reflect  .   (no helmet)
rElec   .          Harm     .   (no cloak)
rCorr   .          Rampage  .   (no gloves)
Will    .....                   (no barding)
Stlth   ++........              (no amulet)
HPRegen 0.08/turn               (no ring)
MPRegen 0.09/turn               (no ring)

@: very slow
A: AC +0, large, see invisible, deformed body, poison resistance, slowness 2,
spit poison 1, naga tail 1
a: Spit Poison


You were on level 4 of the Dungeon.
You visited 1 branch of the dungeon, and saw 3 of its levels.

You collected 101 gold pieces.

Inventory:

Hand Weapons
 c - a +0 dagger (weapon)
Armour
 a - a +0 robe (worn)
Scrolls
 d - a scroll of teleportation {unknown}
 h - a scroll of enchant armour {unknown}
Potions
 b - a potion of magic
 e - a potion of degeneration {unknown}
 f - a potion of heal wounds {unknown}
 g - 2 potions of flight {unknown}


   Skills:
 + Level 1.5 Fighting
 - Level 1.5 Dodging
 - Level 3.0 Stealth
 + Level 2.6 Spellcasting
 - Level 1.0 Transmutations
 - Level 3.0 Earth Magic


You had 5 spell levels left.
You knew the following spells:

 Your Spells              Type           Power      Damage    Failure   Level
a - Sandblast             Erth           20%        2d7       6%          1

Your spell library contained the following spells:

 Spells                   Type           Power      Damage    Failure   Level
 Passwall                 Tmut/Erth      5%         N/A       14%         2
 Stone Arrow              Conj/Erth      12%        3d7       34%         3
 Petrify                  Tmut/Erth      7%         N/A       67%         4


Dungeon Overview and Level Annotations

Branches:
Dungeon (2/15)

Altars:
Qazlal


Innate Abilities, Weirdness & Mutations

Your serpentine skin is tough. (AC +0)
You have supernaturally acute eyesight. (SInv)
Armour fits poorly on your strangely shaped body.
Your system is resistant to poisons. (rPois)
You cover ground very slowly.
You can spit poison.
You have a snake-like lower body.


Message History

The hobgoblin is almost dead.
The blast of sand hits the hobgoblin!
You kill the hobgoblin!
You start resting.
Magic restored.
HP restored.
You see here a quokka corpse.
You see here a hobgoblin corpse.
Found a stone staircase leading down.
You now have 87 gold pieces (gained 20).
You now have 101 gold pieces (gained 14).
A hobgoblin comes into view.
A hobgoblin is nearby!
An iguana comes into view.
A goblin comes into view. It is wielding a +0 club.
The iguana hisses angrily.
Aiming: Spit Poison (2% risk of failure)
Press: ? - help, Shift-Dir - straight line, f - iguana
Aim: an iguana (65% to hit)
The splash of poison hits the iguana!
The iguana is poisoned.
The iguana is heavily wounded.
Unknown command.
The blast of sand misses the iguana.
The iguana closely misses you.
The blast of sand misses the iguana.
The iguana bites you! The iguana misses you.
The blast of sand hits the iguana.
The iguana is heavily wounded.
You have got your breath back.
The iguana bites you.
Casting: Sandblast (safe; 6% risk of failure)
Confirm with . or Enter, or press ? or * to list all spells.
Aiming: Sandblast (safe; 6% risk of failure)
Press: ? - help, Shift-Dir - straight line, f/p - iguana
Aim: an iguana (heavily wounded, poisoned, 84% to hit)
The blast of sand hits the iguana.
The iguana is severely wounded.
The iguana bites you!
* * * LOW HITPOINT WARNING * * *
The iguana bites you.
You die...

....... #..........#
....... #..........#
####### #..........# #
#....l.....# #
#..........# #######
#..l.......# ......#
###.########
##.##.######.###########
##.............l@.......
##....###....###########
##.#......####
##.#..#.>## ##.#..##.#
##.#..##.# #.#..##.#
..#####.# #..


You could see an iguana (poisoned).

Vanquished Creatures
  A dart slug (D:1)
  An orc (D:4)
  An endoplasm (D:1)
  2 goblins (D:1)
  2 hobgoblins
  2 quokkas
  3 ball pythons (D:1)
  A bat (D:1)
  2 kobolds (D:1)
  3 rats (D:1)
18 creatures vanquished.

Notes
Turn   | Place    | Note
-------+----------+-------------------------------------------
     0 | D:1      | sizableburger the Naga Earth Elementalist began the quest
                  | for the Orb.
     0 | D:1      | Reached XP level 1. HP: 15/15 MP: 3/3
   366 | D:1      | Reached skill level 1 in Fighting
   366 | D:1      | Reached XP level 2. HP: 15/25 MP: 1/5
  1191 | D:2      | Found a stormy altar of Qazlal.
  1202 | D:2      | You fall into a shaft and drop 2 floors!
  1358 | D:4      | HP: 1/25 [iguana (10)]
  1358 | D:4      | Slain by an iguana

Illustrated notes

Levels and vault maps discovered:
D:1:      dpeg_arrival_castle, layout_basic
D:2:      layout_rooms, basic_altar, chequers_serial_rivers_micro_b,
          minmay_increasing_density, uniq_terence
D:4:      layout_basic, kennysheep_dice

Skill      XL: |  1 |
---------------+----+-----
Fighting       | 1 |  1.5
Dodging        | |  1.5
Stealth        | |  3.0
Spellcasting   | |  2.6
Transmutations | |  1.0
Earth Magic    | |  3.0

Action                   || total
-------------------------++-------
Melee: Unarmed           ||     3
 Cast: Sandblast         ||    26
 Abil: Spit Poison       ||     3
Armor: Robe              ||     1
Dodge: Dodged            ||     3
